 Dungeon Crawl Stone Soup version 0.31-a0-1610-g9787180647 (webtiles) character file.

Game seed: 6858693580856880377

3101 mopl the Martial Artist (level 9, -1/61 HPs)
             Began as an Octopode Shapeshifter on Jan 7, 2024.
             Was a Priest of Uskayaw.
             Shot with a bolt by an orc warrior (23 damage)
             ... on level 7 of the Dungeon on Jan 8, 2024.
             The game lasted 00:07:49 (4946 turns).

mopl the Martial Artist (Octopode Shapeshifter)     Turns: 4946, Time: 00:07:53

Health: -1/61      AC:  1    Str: 13    XL:     9   Next: 90%
Magic:  19/19      EV: 14    Int: 19    God:    Uskayaw [***...]
Gold:   331        SH:  8    Dex: 18    Spells: 8/8 levels left

rFire   . .          .
                       - Unarmed
rCold   . . .        i - +0 kite shield
rNeg    . . .        (helmet currently unavailable)
rPois   +            w - amulet "Wunn" {RegenMP rPois Regen+ Dex+3}
rElec   .            h - +6 ring of intelligence
rCorr   .            B - ring of magical power
SInv    .            (no ring)
Will    .....        (no ring)
Stlth   +++          (no ring)
HPRegen 1.10/turn    (no ring)
MPRegen 0.56/turn    (no ring)
                     (no ring)

%: no passive effects
@: beast-form
A: beast (slay +4), almost no armour, amphibious, 8 rings, camouflage 1,
gelatinous body 1, (nimble swimmer 1), tentacles
a: Begin Untransformation, Renounce Religion, Stomp, Line Pass


You were on level 7 of the Dungeon.
You worshipped Uskayaw.
Uskayaw was noncommittal.
You were a hulking beast.
You visited 2 branches of the dungeon, and saw 8 of its levels.

You collected 331 gold pieces.

Inventory:

Missiles
 t - 28 poisoned darts (quivered)
 D - 3 datura-tipped darts
 E - 6 silver javelins
 F - 5 javelins
 G - 3 boomerangs
Armour
 i - a +0 kite shield (worn)
Jewellery
 h - a +6 ring of intelligence (left tentacle)
 u - a ring of fire
 w - the amulet "Wunn" (around mantle) {RegenMP rPois Regen+ Dex+3}
   (You found it on level 4 of the Dungeon)

   [amulet of magic regeneration]

   RegenMP:   It increases your rate of magic regeneration.
   Dex+3:     It affects your dexterity (+3).
   rPois:     It protects you from poison Regen+: It increases your rate of
   health regeneration.
 y - an amulet of reflection
 B - a ring of magical power (right tentacle)
Talismans
 b - a beast talisman
 c - a flux talisman
Wands
 q - a wand of acid (2)
 I - a wand of flame (12)
Scrolls
 e - 2 scrolls of amnesia {unknown}
 f - a scroll of torment {unknown}
 g - 2 scrolls of teleportation {unknown}
 k - 3 scrolls of vulnerability {unknown}
 l - a scroll of noise {unknown}
 m - 3 scrolls of identify {unknown}
 p - 4 scrolls of poison {unknown}
 r - a scroll of silence {unknown}
 s - 2 scrolls of fear {unknown}
 v - 2 scrolls of summoning {unknown}
 C - a scroll of immolation {unknown}
 H - a scroll of blinking {unknown}
Potions
 a - a potion of lignification {!q}
 d - a potion of might {unknown}
 j - a potion of brilliance {unknown}
 n - 2 potions of heal wounds {unknown}
 o - 2 potions of enlightenment {unknown}
 x - 2 potions of degeneration {unknown}
 z - 2 potions of magic {unknown}
 A - a potion of invisibility {unknown}
 J - a potion of berserk rage {unknown}


   Skills:
 + Level 5.2 Fighting
 + Level 5.5 Dodging
 * Level 8.2 Unarmed Combat
 + Level 2.1 Invocations
 + Level 2.1 Evocations
 * Level 7.6 Shapeshifting


You had 8 spell levels left.
You didn't know any spells.
Your spell library contained the following spells:

 Spells                   Type           Power      Damage    Failure   Level
 Apportation              Tloc           0%         N/A       65%         1
 Necrotise                Necr           0%         1d4       65%         1
 Slow                     Hex            0%         N/A       65%         1
 Sting                    Conj/Alch      0%         1d3       65%         1
 Summon Small Mammal      Summ           0%         N/A       65%         1
 Confusing Touch          Hex            0%         N/A       95%         3
 Hailstorm                Conj/Ice       0%         3d5       95%         3
 Sigil of Binding         Hex            0%         N/A       95%         3
 Summon Ice Beast         Ice/Summ       0%         N/A       95%         3
 Vampiric Draining        Necr           0%         2d6       95%         3
 Sculpt Simulacrum        Ice/Alch       0%         N/A       100%        6


Dungeon Overview and Level Annotations

Branches:
Dungeon (7/15)             Temple (1/1) D:4

Altars:
Ashenzari
Cheibriados
Dithmenos
Elyvilon
Fedhas
Gozag
Hepliaklqana
Kikubaaqudgha
Makhleb
Okawaru
Ru
Trog
Uskayaw
Vehumet
Wu Jian
Xom
Yredelemnul
Zin

Shops:
D:3 [   D:6 =   D:7 [


Innate Abilities, Weirdness & Mutations

You are a hulking beast.
Your limbs bulge with bestial killing power. (Slay +4)
You cannot wear most types of armour.
You are amphibious.
You can wear up to eight rings at the same time.
Your skin changes colour to match your surroundings (Stealth+).
Your rubbery body absorbs attacks. (AC +1, EV +1)
((You are camouflaged when in or above water. (Stealth+)))
You have tentacles for arms and can constrict up to eight enemies at once.


Message History

You bludgeon the sky beast! Your squeeze misses the sky beast.
The sky beast is moderately wounded.
The sky beast hits you but does no damage.
You tentacle-slap the sky beast. Your squeeze misses the sky beast.
The sky beast is moderately wounded.
The orc hits you with a +0 short sword. The sky beast barely misses you.
The orc wizard gestures wildly while chanting.
The orc wizard flickers and vanishes!
Deactivating autopickup; reactivate with Ctrl-A.
You barely miss the sky beast. You squeeze the sky beast!
The sky beast is almost dead.
You block the sky beast's attack. The orc hits you with a +0 short sword.
The sky beast hits you. The sky beast shocks you.
The orc wizard hits you with a +0 dagger.
An orc warrior comes into view.
It is wielding a +0 long sword and quivering poisoned darts.
You block the orc's attack.
You can now pass through a line of other dancers.
You closely miss the sky beast. You squeeze the sky beast.
You kill the sky beast!
The orc hits you with a +0 short sword.
The orc wizard hits you with a +0 dagger.
You tentacle-slap the orc wizard. You grab the orc wizard.
You squeeze the orc wizard, but do no damage.
The orc wizard is moderately wounded.
You constrict the orc wizard.
The orc wizard hits you with a +0 dagger.
The orc hits you with a +0 short sword. Something hits you.
You are electrocuted!
Uskayaw will force your foes to helplessly watch your dance.
Uskayaw prepares the audience for your solo!
You release your grip on the orc wizard.
The orc warrior is no longer paralysed.
The orc wizard is no longer paralysed.
The orc is no longer paralysed.
The orc wizard mumbles some strange words.
The orc wizard flickers and vanishes!
The orc attacks as it pursues you! The orc hits you with a +0 short sword.
The orc warrior unwields a +0 long sword.
The orc warrior wields a +0 arbalest.
The orc warrior shoots a bolt.
The bolt hits you!!
You die...

.................###.
##..............###
##.......))......#
#....##...)...#..#
..#....###)...# ...
#.#.)......## ...
##........###..
#...............
....#.....h##..##..
#.........o........ .
#.......#......##. .
.......#####{....# #
..#.... #.∩..o.# #
##... ......<.... .
... .............
#..###....#.#. ##.
##...#.# #


You could see an orc warrior and an orc.

Vanquished Creatures
  Pikel (D:5)
  Prince Ribbit (D:6)
  A steam dragon (D:7)
  Edmund (D:5)
  A water moccasin (D:7)
  Duvessa (D:6)
  2 orc warriors
  A sky beast (D:7)
  3 black bears
  An ogre (D:6)
  2 centaurs
  A phantom (D:5)
  A bullfrog (D:6)
  A kobold brigand (D:7)
  3 scorpions
  Blork the orc (D:6)
  Dowan (D:6)
  A bombardier beetle (D:5)
  2 jellies
  5 orc priests
  A gnoll bouda (D:5)
  A sleepcap (D:6)
  2 iguanas (D:5)
  5 orc wizards
  4 gnolls
  6 adders
  2 white imps (D:5)
  2 dart slugs
  2 ribbon worms (D:2)
  24 orcs
  4 bats
  9 endoplasms
  10 giant cockroaches
  8 hobgoblins
  2 quokkas (D:4)
  7 ball pythons
  4 frilled lizards
  7 goblins
  15 kobolds
  3 rats
149 creatures vanquished.

Notes
Turn   | Place    | Note
-------+----------+-------------------------------------------
     0 | D:1      | mopl the Octopode Shapeshifter began the quest for the Orb.
     0 | D:1      | Reached XP level 1. HP: 13/13 MP: 1/1
    80 | D:1      | Reached XP level 2. HP: 18/18 MP: 2/2
   576 | D:1      | Upgraded the game from 0.31-a0-1598-g94871bc2e8 to
                  | 0.31-a0-1610-g9787180647
   578 | D:1      | Reached XP level 3. HP: 23/23 MP: 3/3
   927 | D:2      | Reached XP level 4. HP: 19/28 MP: 4/4
  1415 | D:3      | Found an ornate altar of the Wu Jian Council.
  1566 | D:3      | Found a faded altar of an unknown god.
  1784 | D:3      | Found Seziemm's Antique Armour Emporium.
  2003 | D:4      | Reached skill level 4 in Unarmed Combat
  2037 | D:4      | Reached XP level 5. HP: 27/34 MP: 5/5
  2040 | D:4      | Reached skill level 2 in Fighting
  2040 | D:4      | Reached skill level 4 in Shapeshifting
  2177 | D:4      | Identified the amulet "Wunn" {RegenMP rPois Regen+ Dex+3}
  2207 | D:4      | Noticed a black bear
  2215 | D:4      | Killed a black bear
  2216 | D:4      | Reached skill level 3 in Dodging
  2216 | D:4      | Reached XP level 6. HP: 29/41 MP: 6/6
  2294 | D:5      | Entered Level 5 of the Dungeon
  2307 | D:5      | Noticed Edmund
  2323 | D:5      | Killed Edmund
  2324 | D:5      | Reached skill level 5 in Unarmed Combat
  2329 | D:5      | Reached XP level 7. HP: 29/45 MP: 7/7
  2573 | D:4      | Found a staircase to the Ecumenical Temple.
  2593 | Temple   | Entered the Ecumenical Temple
  2662 | D:4      | Reached skill level 3 in Fighting
  2662 | D:4      | Reached skill level 5 in Shapeshifting
  2867 | D:5      | Found a snail-covered altar of Cheibriados.
  2934 | D:5      | Noticed Pikel
  2998 | D:5      | Killed Pikel
  2999 | D:5      | Reached skill level 4 in Dodging
  2999 | D:5      | Reached skill level 6 in Unarmed Combat
  2999 | D:5      | Reached XP level 8. HP: 50/54 MP: 8/8
  3034 | D:5      | Reached skill level 6 in Shapeshifting
  3121 | D:5      | Reached skill level 4 in Fighting
  3327 | D:6      | Noticed Prince Ribbit
  3334 | D:6      | Killed Prince Ribbit
  3335 | D:6      | Reached skill level 7 in Unarmed Combat
  3335 | D:6      | Reached XP level 9. HP: 30/58 MP: 9/9
  3393 | D:6      | Noticed Blork the orc
  3433 | D:5      | HP: 1/48 [orc warrior/+1 scimitar of draining (2)]
  3646 | D:6      | Reached skill level 5 in Dodging
  3717 | D:6      | Reached skill level 7 in Shapeshifting
  3724 | D:6      | Found a hide-covered altar of Uskayaw.
  3727 | D:6      | Noticed a +0 hand axe
  3751 | D:6      | Noticed a +0 dagger
  3760 | D:6      | Became a worshipper of Uskayaw the Reveller
  3765 | D:6      | Reached * piety under Uskayaw
  3771 | D:6      | Reached ** piety under Uskayaw
  3773 | D:6      | Killed Blork the orc
  3868 | D:6      | Found Sovvosere's Jewellery Emporium.
  3872 | D:6      | Noticed Dowan
  3873 | D:6      | Noticed Duvessa
  3906 | D:6      | Killed Duvessa
  3908 | D:6      | Killed Dowan
  3908 | D:6      | Reached *** piety under Uskayaw
  3910 | D:6      | Reached **** piety under Uskayaw
  3912 | D:6      | Reached skill level 1 in Invocations
  3912 | D:6      | Reached skill level 1 in Evocations
  3917 | D:6      | Reached ***** piety under Uskayaw
  3930 | D:6      | Reached ****** piety under Uskayaw
  4391 | D:6      | Found an iron altar of Okawaru.
  4768 | D:7      | Reached skill level 5 in Fighting
  4768 | D:7      | Reached skill level 8 in Unarmed Combat
  4777 | D:7      | Found a hazy altar of Hepliaklqana.
  4781 | D:7      | Found a white marble altar of Elyvilon.
  4880 | D:7      | Found a blossoming altar of Fedhas.
  4886 | D:7      | Reached skill level 2 in Invocations
  4886 | D:7      | Reached skill level 2 in Evocations
  4931 | D:7      | Found Rotyv's Antique Armour Boutique.
  4946 | D:7      | Shot with a bolt by an orc warrior

Illustrated notes

Levels and vault maps discovered:
D:1:      dpeg_arrival_houses_and_road, layout_loops_ring,
          minmay_worlds_worst_comb
D:2:      layout_loops_ring
D:3:      layout_basic, general_overflow_altar,
          chequers_ecumenical_altar_simple_redux, serial_shops,
          nicolae_shop_tiny_statue_garden, nicolae_houndstooth_variations
D:4:      layout_cave_pods, temple_green
D:5:      layout_rooms, kennysheep_slug_shrine, kennysheep_generic_room_12,
          uniq_pikel, uniq_edmund
D:6:      layout_layer_cave, okawaru_altar_gauntlet_db, dancing_weapons_uskayaw,
          serial_shops, nicolae_shop_temple_entry_statues_fountains,
          uniq_prince_ribbit1, uniq_blork_the_orc, uniq_duvessa
D:7:      layout_cave_pools, grunt_temple_overflow_forces_of_nature,
          mainiacjoe_overflow_six_doors_small,
          mainiacjoe_overflow_catwalk_spiral, serial_shops, shop
Temple:   chequers_temple_sunken

Skill      XL: |  1  2  3  4  5  6  7  8  9 |
---------------+----------------------------+-----
Unarmed Combat | 4 5 6 7 8 |  8.2
Fighting       | 2 3 4 5 |  5.2
Shapeshifting  | 4 5 6 7 |  7.6
Dodging        | 3 4 5 |  5.5
Invocations    | 2 |  2.1
Evocations     | 2 |  2.1

Action                     |  1- 3 |  4- 6 |  7- 9 || total
---------------------------+-------+-------+-------++-------
  Melee: Unarmed           |    63 |    77 |   192 ||   332
         Constrict         |    16 |    24 |    46 ||    86
         Tentacles         |    10 |     9 |    58 ||    77
         Punch             |     4 |     3 |    14 ||    21
  Throw: Dart              |       |       |     1 ||     1
  Evoke: Wand              |       |     2 |       ||     2
   Stab: Sleeping          |     8 |     4 |     5 ||    17
         Paralysed         |       |       |     2 ||     2
         Distracted        |       |       |     1 ||     1
 Armour: Skin              |    20 |    28 |   113 ||   161
  Dodge: Dodged            |    23 |    25 |    78 ||   126
  Block: Kite shield       |     6 |    22 |    66 ||    94

Table legend: (Time is in decaauts)
 A = Elapsed time spent in this place.
 B = Non-inter-level travel time spent in this place.
 C = Inter-level travel time spent in this place.
 D = Time resting spent in this place.
 E = Time spent auto-exploring this place.
 F = Levels seen in this place.
 G = Mean time per level.
                   A        B        C        D        E       F      G
               +--------+--------+--------+--------+--------+-----+--------+
         Total |   4977 |   4680 |    297 |    199 |   3269 |   8 |  622.1 |
       Dungeon |   4950 |   4653 |    297 |    199 |   3269 |   7 |  707.1 |
        Temple |     26 |     26 |      0 |      0 |      0 |   1 |   26.0 |
               +--------+--------+--------+--------+--------+-----+--------+

Top non-repeatable levels by time:
     D:6: 1343 daAuts
     D:4: 810 daAuts
     D:2: 800 daAuts
     D:5: 637 daAuts
     D:1: 604 daAuts
     D:3: 534 daAuts
     D:7: 218 daAuts
  Temple: 26 daAuts
